 Dungeon Crawl Stone Soup version 0.30.1-11-g7821555f0a (webtiles) character file.

Game seed: 17404295026599894760

9 comborobin the Sneak (level 1, -7/18 HPs)
             Began as a Demigod Delver on Dec 16, 2023.
             Killed by divine providence
             ... invoked by an orc priest
              (17 damage)
             ... on level 6 of the Dungeon.
             The game lasted 00:00:14 (60 turns).

comborobin the Sneak (Demigod Delver)                 Turns: 60, Time: 00:00:15

Health: -7/18      AC:  3    Str: 13    XL:     1   Next: 86%
Magic:  3/3        EV: 11    Int: 12    God:
Gold:   0          SH:  0    Dex: 15    Spells: 0/0 levels left

rFire   . . .        a - +0 mace
rCold   . . .        (no shield)
rNeg    . . .        b - +0 leather armour
rPois   .            (no helmet)
rElec   .            (no cloak)
rCorr   .            (no gloves)
SInv    .            (no boots)
Will    .....        (no amulet)
Stlth   +++          (no ring)
HPRegen 0.23/turn    (no ring)
MPRegen 0.08/turn

%: no passive effects
@: no status effects
A: high MP 1, forlorn, divine attributes
a: no special abilities


You were on level 6 of the Dungeon.
You visited 1 branch of the dungeon, and saw 2 of its levels.

Inventory:

Hand Weapons
 a - a +0 mace (weapon)
Armour
 b - a +0 leather armour (worn)
Wands
 g - a wand of digging (3)
Scrolls
 c - a scroll of fog
 d - a scroll of magic mapping
 e - a scroll of fear
 h - a scroll of identify {unknown}
Potions
 f - a potion of haste


   Skills:
 - Level 2.6 Fighting
 + Level 2.5 Maces & Flails
 - Level 1.7 Dodging
 - Level 4.5 Stealth


You couldn't memorise any spells.
You didn't know any spells.
Your spell library was empty.

Dungeon Overview and Level Annotations

Branches:
Dungeon (6/15)
 Temple: D:4-7


Innate Abilities, Weirdness & Mutations

You have an increased reservoir of magic. (+10% MP)
You shall have no god before yourself.
Your divine heritage dramatically boosts your attributes as you level up.


Message History

With a horrendous wail, an alarm goes off!
A sentinel's mark forms upon you.
You hear an angry hiss. x2; You hear a croak.
You hear an angry growl.
You hear a shout!
You hear an angry hiss.
You hear a shout! x4
There is an open door here.
There is a stone staircase leading down here.
You climb downwards.
There is a stone staircase leading up here.
You start waiting.
The sentinel's mark upon you fades away.
You climb upwards.
You hear the sound of rushing water.
There is an entrance to a sewer on this level.
Hurry and find it before the portal rusts away!
You hear the slow rusting of a drain very nearby.
An adder comes into view.
There is a stone staircase leading down here.
Unknown command.
The adder barely misses you.
You climb downwards.
There is a stone staircase leading up here.
You thump the adder!
The adder is severely wounded.
The adder bites you.
An orc comes into view. It is wielding a +0 hand axe.
The adder closely misses you.
You hit the adder.
You kill the adder!
Your Maces & Flails skill increases to level 2!
The orc closely misses you.
You hit the orc.
The orc is moderately wounded.
An orc priest comes into view. It is wielding a +0 short sword.
The orc hits you with a +0 hand axe.
You completely miss the orc.
The orc is moderately wounded.
The orc hits you with a +0 hand axe.
The orc priest calls down the wrath of Beogh upon you.
Beogh smites you!
Ouch! That really hurt!
You die... ## .# # .# #.###†####.# #oo@<......# #####.###### .# .# .# .. .# .#

You could see an orc priest and an orc.

Vanquished Creatures
  An adder (D:6)
1 creature vanquished.

Notes
Turn   | Place    | Note
-------+----------+-------------------------------------------
     0 | D:5      | comborobin the Demigod Delver began the quest for the Orb.
     0 | D:5      | Reached XP level 1. HP: 18/18 MP: 3/3
    59 | D:6      | Noticed an orc priest
    60 | D:6      | Killed from afar by an orc priest

Illustrated notes

Levels and vault maps discovered:
D:5:      layout_basic, portal_sewer_entry_d
D:6:      layout_loops_corners, trog_butcher_becter, lightli_temple_of_fire,
          minmay_overflow_temple_star_quad, gammafunk_ghost_abyssal_escape,
          uniq_blork_the_orc

Skill      XL: |  1 |
---------------+----+-----
Maces & Flails | 2 |  2.5
Fighting       | |  2.6
Dodging        | |  1.7
Stealth        | |  4.5

Action                     || total
---------------------------++-------
  Melee: Mace              ||     4
  Dodge: Dodged            ||     3
